 Dungeon Sprint DCSS version 0.28.0-53-g5a82cb258f (webtiles) character file.

Game seed: 11775293966861367635

2247 Zeld the Transmogrifier (level 9, -3/82 HPs)
             Began as an Octopode Transmuter on June 6, 2022.
             Was an Initiate of Gozag.
             Slain by a demonic crawler (5 damage)
             ... in the Dungeon (Sprint I: "Red Sonja").
             The game lasted 00:03:16 (2717 turns).

Zeld the Transmogrifier (Octopode Transmuter)       Turns: 2717, Time: 00:03:17

Health: -3/82      AC:  9    Str: 19    XL:     9   Next: 37%
Magic:  23/25      EV: 10    Int: 16    God:    Gozag
Gold:   314        SH:  0    Dex: 12    Spells: 22/32 levels left

rFire   x . .      SeeInvis .     - Unarmed
rCold   + + +      Faith    .   (shield currently unavailable)
rNeg    . . .      Spirit   .   (helmet currently unavailable)
rPois   +          Reflect  .   (no amulet)
rElec   .          Harm     .   h - +6 ring of strength
rCorr   .          Rampage  .   (no ring)
Will    .....      NoTele   +   (no ring)
Stlth   +.........              (no ring)
HPRegen 0.23/turn               (no ring)
MPRegen 0.19/turn               (no ring)
                                (no ring)
                                (no ring)

@: ice-form
A: freezing attack, boosted hp, almost no armour, amphibious, 8 rings, large,
(camouflage 1), (gelatinous body 1), (nimble swimmer 1), (tentacles)
a: End Transformation, Renounce Religion, Potion Petition, Call Merchant, Bribe
Branch


You were in the Dungeon.
You worshipped Gozag.
Gozag was aware of your devotion.
You were a creature of crystalline ice.
You visited 1 branch You collected 1231 gold pieces.
You spent 335 gold pieces at shops.
You paid 582 gold pieces to Gozag.

Inventory:

Jewellery
 h - a +6 ring of strength (left front paw)
Wands
 e - a wand of iceblast (1)
Scrolls
 f - a scroll of blinking
 i - a scroll of enchant armour
 j - 2 scrolls of identify
 k - a scroll of fear
 l - a scroll of amnesia
 m - a scroll of fog
Potions
 a - 5 potions of curing
 c - a potion of haste
 d - 2 potions of magic
 g - a potion of lignification


   Skills:
 + Level 9.4 Fighting
 - Level 2.0 Dodging
 - Level 3.0 Unarmed Combat
 * Level 12.1 Spellcasting
 * Level 13.3 Transmutations
 - Level 2.0 Ice Magic
 - Level 2.0 Poison Magic


You had 22 spell levels left.
You knew the following spells:

 Your Spells              Type           Power      Damage    Failure   Level
a - Beastly Appendage     Tmut           100%       N/A       1%          1
b - Wereblood             Tmut           51%        N/A       1%          2
c - Spider Form           Tmut/Pois      34%        N/A       1%          3
d - Ice Form              Ice/Tmut       34%        N/A       3%          4

Your spell library contained the following spells:

 Spells                   Type           Power      Damage    Failure   Level
 Airstrike                Air            4%         N/A       58%         4
 Summon Lightning Spire   Summ/Air       9%         N/A       58%         4
 Lightning Bolt           Conj/Air       4%         1d16      90%         5


Dungeon Overview and Level Annotations

Branches:
Dungeon (1/1)

Altars:
Cheibriados
Dithmenos
Elyvilon
Fedhas
Gozag
Hepliaklqana
Kikubaaqudgha
Makhleb
Nemelex Xobeh
Okawaru
Qazlal
Ru
Sif Muna
Trog
Uskayaw
Vehumet
Wu Jian
Xom
Yredelemnul
Zin
The Shining One
Jiyva
Lugonu

Shops:
D ?[*[


Innate Abilities, Weirdness & Mutations

You are a creature of crystalline ice.
You have a powerful freezing melee attack.
Your maximum health is increased.
Your armour is entirely melded.
You are incapable of wielding weapons or throwing items.
You cannot wear most types of armour.
You are amphibious.
You can wear up to eight rings at the same time.
((Your skin changes colour to match your surroundings (Stealth+).))
((Your rubbery body absorbs attacks. (AC +1, EV +1)))
((You are camouflaged when in or above water. (Stealth+)))
((You have tentacles for arms and can constrict up to eight enemies at once.))


Message History

The demonic crawler hits you.
The demonic crawler barely misses you. x2
The demonic crawler shrieks in warning!
The demonic crawler is lost in a daze.
The demonic crawler hits you!
The demonic crawler hits you but does no damage.
The demonic crawler hits you. x2; The demonic crawler barely misses you. x2
There is an open door, spattered with blood here.
Items here: )) [[.
The demonic crawler hits you. The demonic crawler barely misses you.
The demonic crawler hits you!
The demonic crawler hits you but does no damage.
The demonic crawler barely misses you. The demonic crawler hits you.
The demonic crawler hits you but does no damage.
The demonic crawler hits you!
* * * LOW HITPOINT WARNING * * *
The demonic crawler hits you!
* * * LOW HITPOINT WARNING * * *
The demonic crawler shrieks in warning!
You hear an angry buzzing noise.
The demonic crawler is no longer dazed.
The demonic crawler shrieks in warning!
The demonic crawler is lost in a daze.
The demonic crawler shrieks in warning!
There is an open door here.
A hornet comes into view.
You hit the demonic crawler.
The demonic crawler is heavily wounded.
The demonic crawler is lost in a daze.
The demonic crawler hits you.
* * * LOW HITPOINT WARNING * * *
The demonic crawler barely misses you.
The demonic crawler hits you but does no damage.
Unknown command.
Unknown command.
You punch the demonic crawler! You freeze the demonic crawler.
The demonic crawler is severely wounded.
The demonic crawler is no longer dazed.
The demonic crawler hits you!
* * * LOW HITPOINT WARNING * * *
The demonic crawler hits you but does no damage.
The demonic crawler hits you.
You die...
Your body crumbles into a pile of gold.

#########################
<.#..').#.['..#__#s.9...# $$
..').#..'..#..'yYsss#...##+#$
..#####'#####'#__####...'..#$
..####..#...#(####$ #####..+$
$ ..#__####..##.# $$ ## $
..#_____##'#_.+ $
⌠⌠#_.∩...'..._# $$ $
###_..__##_.#'##+###
$$#_____###'#.#..(.### $
###########.####'###.## $


You could see 4 demonic crawlers, a hornet and a gargoyle.

Vanquished Creatures
  Sonja (D)
  A deep troll (D)
  2 kobold demonologists (D)
  A slime creature (D)
  Sigmund (D)
  A yak (D)
  A floating eye (D)
  An ogre (D)
  A jelly (D)
  Ijyb (D)
  A ballistomycete spore (D)
12 creatures vanquished.

Vanquished Creatures (others)
  A ballistomycete spore (D)
1 creature vanquished.

Grand Total: 13 creatures vanquished

Notes
Turn   | Place    | Note
-------+----------+-------------------------------------------
     0 | D        | Zeld the Octopode Transmuter began the quest for the Orb.
     0 | D        | Reached XP level 1. HP: 13/13 MP: 3/3
     2 | D        | Noticed Ijyb
     7 | D        | Killed Ijyb
     8 | D        | Reached skill level 4 in Transmutations
     8 | D        | Reached XP level 2. HP: 17/20 MP: 2/6
     8 | D        | Reached XP level 3. HP: 21/25 MP: 2/8
   136 | D        | Learned a level 2 spell: Wereblood
   140 | D        | Learned a level 3 spell: Spider Form
   670 | D        | Noticed an ogre
   676 | D        | Killed an ogre
   677 | D        | Reached skill level 5 in Spellcasting
   677 | D        | Reached skill level 6 in Transmutations
   677 | D        | Reached XP level 4. HP: 33/33 MP: 6/11
   892 | D        | Learned a level 4 spell: Ice Form
   953 | D        | Noticed Sigmund
   962 | D        | Killed Sigmund
   963 | D        | Reached skill level 5 in Fighting
   963 | D        | Reached skill level 8 in Transmutations
   963 | D        | Reached XP level 5. HP: 36/39 MP: 9/14
   963 | D        | Reached XP level 6. HP: 42/45 MP: 10/16
  1014 | D        | Found an ornate altar of the Wu Jian Council.
  1014 | D        | Found a shimmering blue altar of Sif Muna.
  1016 | D        | Found a radiant altar of Vehumet.
  1264 | D        | Found Sentaabo's Armour Emporium.
  1264 | D        | Found an ancient bone altar of Kikubaaqudgha.
  1264 | D        | Found a hazy altar of Hepliaklqana.
  1264 | D        | Found a stormy altar of Qazlal.
  1264 | D        | Found a hide-covered altar of Uskayaw.
  1264 | D        | Found a blossoming altar of Fedhas.
  1264 | D        | Found a bloodstained altar of Trog.
  1264 | D        | Found an iron altar of Okawaru.
  1264 | D        | Found a basalt altar of Yredelemnul.
  1264 | D        | Found a glowing golden altar of the Shining One.
  1264 | D        | Found a snail-covered altar of Cheibriados.
  1264 | D        | Found a sacrificial altar of Ru.
  1264 | D        | Found a glowing silver altar of Zin.
  1264 | D        | Found a shadowy altar of Dithmenos.
  1264 | D        | Found a white marble altar of Elyvilon.
  1264 | D        | Noticed a yak
  1267 | D        | Killed a yak
  1268 | D        | Reached skill level 9 in Transmutations
  1268 | D        | Found an opulent altar of Gozag.
  1269 | D        | Found a sparkling altar of Nemelex Xobeh.
  1274 | D        | Became a worshipper of Gozag Ym Sagoz the Greedy
  1431 | D        | Found a burning altar of Makhleb.
  1431 | D        | Found a viscous altar of Jiyva.
  1431 | D        | Found a shimmering altar of Xom.
  1431 | D        | Found a corrupted altar of Lugonu.
  1431 | D        | Noticed a slime creature
  1438 | D        | Killed a slime creature
  1439 | D        | Reached skill level 10 in Transmutations
  1439 | D        | Reached XP level 7. HP: 33/53 MP: 14/19
  1692 | D        | Noticed a kobold demonologist
  1692 | D        | Noticed a kobold demonologist
  1694 | D        | Paralysed by a floating eye for 2 turns
  1697 | D        | Noticed an ice devil
  1706 | D        | Killed a kobold demonologist
  1707 | D        | Reached skill level 10 in Spellcasting
  1707 | D        | Reached skill level 11 in Transmutations
  1707 | D        | Reached XP level 8. HP: 12/61 MP: 18/22
  1711 | D        | Noticed a rust devil
  1713 | D        | Killed a kobold demonologist
  1848 | D        | Noticed Sonja
  1856 | D        | Killed Sonja
  1857 | D        | Reached skill level 12 in Transmutations
  1857 | D        | Reached XP level 9. HP: 67/67 MP: 20/24
  2230 | D        | Bought a scroll of enchant armour for 90 gold pieces
  2237 | D        | Found Roibuf's Magic Scroll Boutique.
  2245 | D        | Bought a scroll of identify for 20 gold pieces
  2245 | D        | Bought a scroll of identify for 20 gold pieces
  2245 | D        | Bought a scroll of blinking for 75 gold pieces
  2245 | D        | Bought a scroll of fear for 35 gold pieces
  2245 | D        | Bought a scroll of identify for 20 gold pieces
  2245 | D        | Bought a scroll of identify for 20 gold pieces
  2245 | D        | Bought a scroll of identify for 20 gold pieces
  2245 | D        | Bought a scroll of amnesia for 35 gold pieces
  2257 | D        | Noticed a deep troll
  2264 | D        | HP: 1/80 [deep troll (7)]
  2267 | D        | Killed a deep troll
  2268 | D        | Reached skill level 13 in Transmutations
  2654 | D        | Found Hokunyff's Armour Emporium.
  2702 | D        | Noticed a demonic crawler
  2702 | D        | Noticed a demonic crawler
  2702 | D        | Noticed a demonic crawler
  2702 | D        | Noticed a demonic crawler
  2709 | D        | Noticed a gargoyle
  2715 | D        | Noticed a hornet
  2717 | D        | HP: 2/82 [demonic crawler (11)]
  2717 | D        | Slain by a demonic crawler

Illustrated notes

Levels and vault maps discovered:
D:        dungeon_sprint_1 [red_sonja_temple_1, red_sonja_temple_small_1]

Skill      XL: |  1  2  3  4  5  6  7  8  9 |
---------------+----------------------------+-----
Fighting       | 2 3 5 6 7 8 9 |  9.4
Spellcasting   | 3 5 7 9 10 11 12 | 12.1
Transmutations | 4 6 8 10 11 12 13 | 13.3
Poison Magic   | 2 |  2.0
Ice Magic      | 2 |  2.0
Dodging        | |  2.0
Unarmed Combat | |  3.0

Action                   |  1- 3 |  4- 6 |  7- 9 || total
-------------------------+-------+-------+-------++-------
Melee: Unarmed           |     7 |    17 |    27 ||    51
       Tentacles         |     1 |     1 |     1 ||     3
       Kick              |     1 |       |       ||     1
 Cast: Beastly Appendage |     1 |       |       ||     1
       Spider Form       |     1 |     2 |       ||     3
       Ice Form          |       |     2 |     5 ||     7
Invok: Call Merchant     |       |       |     1 ||     1
Evoke: Wand              |       |       |     6 ||     6
  Use: Potion            |     1 |       |     1 ||     2
       Scroll            |       |       |     7 ||     7
 Stab: Sleeping          |       |     2 |       ||     2
Armor: Skin              |       |     2 |    14 ||    16
Dodge: Dodged            |     3 |     5 |    19 ||    27
